[Event "Romanian Championship Open 2025"]
[Site "Craiova"]
[Date "2025.02.18"]
[Round "4.15"]
[White "Filip, Andrei"]
[Black "Berechet, Otiliu-Octavian"]
[Result "1-0"]
[Annotator "ChessBase"]
[ECO "B27"]
[WhiteElo "2320"]
[BlackElo "1946"]
[PlyCount "77"]
[EventDate "2025.02.12"]
[EventType "swiss"]
[EventCountry "ROU"]
[SourceTitle "playchess.com"]
[Source "ChessBase"]
[SourceQuality "1"]
[TimeControl "40/5400+30:900+30"]

1. e4 c5 2. Nf3 Qa5 3. Nc3 g6 4. Bc4 Nc6 5. O-O Bg7 6. d3 d6 7. Re1 a6 8. Bd2 Qd8 9. a4 Bd7 10. Qc1 h6 11. Be3 Rc8 12. Nd5 Kf8 13. h3 e6 14. Nf4 Ne5 15. Nxe5 Bxe5 16. Ne2 b5 17. axb5 axb5 18. Ba2 Qc7 19. c3 Qb7 20. Qd2 g5 21. f4 gxf4 22. Bxf4 Rh7 23. d4 Bxf4 24. Nxf4 c4 25. Qf2 Ra8 26. b3 Rg7 27. bxc4 e5 28. dxe5 dxe5 29. Qc5+ Ne7 30. Qxe5 Rg5 31. Qh8+ Ng8 32. c5 Ra4 33. Bd5 Qc7 34. Rxa4 bxa4 35. Rf1 Bxh3 36. Nxh3 Rg7 37. Nf4 Qxc5+ 38. Kh1 Qb5 39. c4 1-0

[Event "Romanian Championship Open 2025"]
[Site "Craiova"]
[Date "2025.02.18"]
[Round "4.16"]
[White "Tudoroiu, Razvan-Catalin"]
[Black "Nedelcu, Teodor-Cosmin"]
[Result "1/2-1/2"]
[Annotator "ChessBase"]
[ECO "D02"]
[WhiteElo "2085"]
[BlackElo "2320"]
[PlyCount "102"]
[EventDate "2025.02.12"]
[EventType "swiss"]
[EventCountry "ROU"]
[SourceTitle "playchess.com"]
[Source "ChessBase"]
[SourceQuality "1"]
[TimeControl "40/5400+30:900+30"]

1. d4 d5 2. Bf4 Nf6 3. e3 e6 4. Nf3 Bd6 5. Ne5 Nbd7 6. Nd2 Qe7 7. Bd3 c6 8. O-O O-O 9. Bg3 Ne8 10. f4 f5 11. c3 Nef6 12. Bh4 Qe8 13. h3 Ne4 14. Nxe4 fxe4 15. Be2 Be7 16. Qe1 Nxe5 17. fxe5 Rxf1+ 18. Bxf1 g5 19. Bg3 Qg6 20. Be2 Bd7 21. Qd1 Be8 22. Qb3 b6 23. c4 Bd7 24. a4 Rc8 25. Rf1 Qg7 26. Be1 Rd8 27. a5 b5 28. cxb5 cxb5 29. Bb4 g4 30. Bxg4 Bg5 31. Bd2 Qh6 32. Qa3 Bc8 33. Qc5 a6 34. Kh2 Qg6 35. Bb4 h5 36. Rf8+ Rxf8 37. Qxf8+ Kh7 38. Bxh5 Qxh5 39. Qxc8 Bxe3 40. Qd7+ Kh8 41. Qd8+ Kh7 42. Qe7+ Kh8 43. Qf6+ Kh7 44. Qe7+ Kh8 45. Qf6+ Kh7 46. Qe7+ Kh8 47. Qf6+ Kh7 48. Qe7+ Kh8 49. Qf6+ Kh7 50. Qe7+ Kh8 51. Qf6+ Kh7 1/2-1/2

[Event "Romanian Championship Open 2025"]
[Site "Craiova"]
[Date "2025.02.18"]
[Round "4.17"]
[White "Coicev, Matei-Andrei"]
[Black "Buzbuchi, Ionut"]
[Result "1-0"]
[Annotator "ChessBase"]
[ECO "B22"]
[WhiteElo "2286"]
[BlackElo "2034"]
[PlyCount "59"]
[EventDate "2025.02.12"]
[EventType "swiss"]
[EventCountry "ROU"]
[SourceTitle "playchess.com"]
[Source "ChessBase"]
[SourceQuality "1"]
[TimeControl "40/5400+30:900+30"]

1. e4 c5 2. c3 Nf6 3. e5 Nd5 4. Nf3 Nc6 5. Bc4 Nb6 6. Bb3 d5 7. exd6 c4 8. Bc2 Qxd6 9. O-O Bg4 10. d4 cxd3 11. Qxd3 Qxd3 12. Bxd3 O-O-O 13. Be4 f6 14. h3 Bh5 15. a4 Bg6 16. Bxc6 bxc6 17. Nd4 e5 18. Nxc6 Rd7 19. Be3 Nc4 20. Nxa7+ Kb7 21. Nb5 Nxe3 22. fxe3 Bc5 23. Re1 Rhd8 24. N1a3 Rd3 25. Kf2 Rxe3 26. Rxe3 Rd2+ 27. Kf3 e4+ 28. Rxe4 Rf2+ 29. Kg3 Bxe4 30. Nd6+ 1-0

[Event "Romanian Championship Open 2025"]
[Site "Craiova"]
[Date "2025.02.18"]
[Round "4.18"]
[White "Costache, Andrei Eugeniu"]
[Black "Nastore, Pavel-Alexandru"]
[Result "0-1"]
[Annotator "ChessBase"]
[ECO "B90"]
[WhiteElo "2075"]
[BlackElo "2250"]
[PlyCount "116"]
[EventDate "2025.02.12"]
[EventType "swiss"]
[EventCountry "ROU"]
[SourceTitle "playchess.com"]
[Source "ChessBase"]
[SourceQuality "1"]
[TimeControl "40/5400+30:900+30"]

1. e4 c5 2. Nf3 d6 3. d4 cxd4 4. Nxd4 Nf6 5. Nc3 a6 6. Rg1 e5 7. Nb3 h5 8. Bg5 Be7 9. Qd3 Be6 10. O-O-O Nbd7 11. f4 Rc8 12. h3 h4 13. Kb1 b5 14. g3 hxg3 15. Qxg3 Nh5 16. Bxe7 Qxe7 17. Qd3 Nxf4 18. Qxd6 Qxd6 19. Rxd6 Ke7 20. Rxa6 b4 21. Nd5+ Nxd5 22. exd5 Bxd5 23. Nd2 g6 24. Rg3 Rh4 25. a3 Ra8 26. Rxa8 Bxa8 27. axb4 Rxb4 28. c4 e4 29. Bg2 Nc5 30. Kc2 Rb6 31. Rg5 Kd6 32. b3 Bb7 33. Kc3 e3 34. Bxb7 Rxb7 35. b4 Na4+ 36. Kb3 exd2 37. Rd5+ Ke6 38. Rxd2 Nc5+ 39. Ka3 Ra7+ 40. Kb2 Ne4 41. Re2 Ke5 42. b5 Kd4 43. Rc2 f5 44. Kb3 Nc5+ 45. Kb2 g5 46. Rg2 Ne4 47. Kb3 f4 48. h4 f3 49. Rg1 gxh4 50. Kb4 f2 51. Rd1+ Ke3 52. c5 Ra4+ 53. Kxa4 Nc3+ 54. Ka5 Nxd1 55. b6 f1=Q 56. b7 Qf4 57. Kb6 Qb8 58. c6 Nc3 0-1

[Event "Romanian Championship Open 2025"]
[Site "Craiova"]
[Date "2025.02.18"]
[Round "4.19"]
[White "Gales, Randi-Ioan"]
[Black "Dascalescu, Adelin-Stefan"]
[Result "0-1"]
[Annotator "ChessBase"]
[ECO "D37"]
[WhiteElo "2247"]
[BlackElo "2045"]
[PlyCount "82"]
[EventDate "2025.02.12"]
[EventType "swiss"]
[EventCountry "ROU"]
[SourceTitle "playchess.com"]
[Source "ChessBase"]
[SourceQuality "1"]
[TimeControl "40/5400+30:900+30"]

1. Nf3 d5 2. c4 e6 3. d4 Nf6 4. Nc3 a6 5. cxd5 exd5 6. Bg5 c6 7. Qc2 Be7 8. e3 h6 9. Bf4 O-O 10. Bd3 Nh5 11. Be5 Nd7 12. h3 Nxe5 13. dxe5 g6 14. O-O-O Ng7 15. h4 b5 16. h5 g5 17. Nd4 Bd7 18. Nf5 Bxf5 19. Bxf5 b4 20. Ne2 Qb6 21. g4 a5 22. Qa4 Nxf5 23. gxf5 Rfe8 24. Rd3 Bc5 25. e6 fxe6 26. fxe6 Rxe6 27. Rg1 Rf8 28. Rg2 Rxf2 29. Rxf2 Bxe3+ 30. Kd1 Bxf2 31. Rf3 Bh4 32. Qc2 Re4 33. Qd3 Qb5 34. Qxb5 cxb5 35. Rf5 d4 36. Rxb5 d3 37. Nc1 g4 38. Rf5 Re1+ 39. Kd2 g3 40. Rf4 Bg5 41. Kxe1 d2+ 0-1

[Event "Romanian Championship Open 2025"]
[Site "Craiova"]
[Date "2025.02.18"]
[Round "4.20"]
[White "Barbu, Simon-Alexandru"]
[Black "Bonte, Andrei-Mihai"]
[Result "1/2-1/2"]
[Annotator "ChessBase"]
[ECO "C45"]
[WhiteElo "2023"]
[BlackElo "2237"]
[PlyCount "77"]
[EventDate "2025.02.12"]
[EventType "swiss"]
[EventCountry "ROU"]
[SourceTitle "playchess.com"]
[Source "ChessBase"]
[SourceQuality "1"]
[TimeControl "40/5400+30:900+30"]

1. e4 e5 2. Nf3 Nc6 3. d4 exd4 4. Nxd4 Bc5 5. Nb3 Bb4+ 6. c3 Be7 7. g3 Nf6 8. Bg2 d6 9. h3 Be6 10. Nd4 Nxd4 11. Qxd4 d5 12. e5 Ne4 13. O-O Qd7 14. c4 c6 15. cxd5 cxd5 16. Nd2 Bc5 17. Qd3 O-O 18. Nxe4 dxe4 19. Qxe4 Bxh3 20. Re1 Bxg2 21. Kxg2 Rfe8 22. Bf4 Rad8 23. Rad1 Qe6 24. a3 Rxd1 25. Rxd1 b6 26. Qd5 Qf5 27. Qd3 Qxd3 28. Rxd3 h6 29. b4 Bf8 30. g4 g5 31. Bg3 a5 32. bxa5 bxa5 33. Rd5 a4 34. Ra5 Bxa3 35. Rxa4 Bb2 36. Ra5 Kg7 37. Rb5 Ba1 38. Ra5 Bb2 39. Rb5 1/2-1/2

[Event "Romanian Championship Open 2025"]
[Site "Craiova"]
[Date "2025.02.18"]
[Round "4.21"]
[White "Panc, Samuel"]
[Black "Negrean, Andrei"]
[Result "0-1"]
[Annotator "ChessBase"]
[ECO "B52"]
[WhiteElo "2036"]
[BlackElo "2224"]
[PlyCount "70"]
[EventDate "2025.02.12"]
[EventType "swiss"]
[EventCountry "ROU"]
[SourceTitle "playchess.com"]
[Source "ChessBase"]
[SourceQuality "1"]
[TimeControl "40/5400+30:900+30"]

1. e4 c5 2. Nf3 d6 3. Bb5+ Bd7 4. Bxd7+ Qxd7 5. c4 Nf6 6. Nc3 g6 7. d4 cxd4 8. Nxd4 Bg7 9. f3 O-O 10. Be3 Nc6 11. O-O Rac8 12. b3 e6 13. Qd2 Rfd8 14. Rad1 d5 15. cxd5 exd5 16. Nxc6 bxc6 17. e5 Ne8 18. f4 Qe7 19. Qf2 f6 20. Bc5 Qf7 21. Qe3 Nc7 22. Bxa7 Re8 23. Rde1 Ne6 24. Na4 fxe5 25. fxe5 Qe7 26. Bb6 c5 27. Qd3 Qb7 28. Rd1 Bxe5 29. Qxd5 Qxd5 30. Rxd5 Bd4+ 31. Kh1 Nf4 32. Rd7 Re2 33. h3 Nxg2 34. Rc1 Ne1 35. Nc3 Re3 0-1

[Event "Romanian Championship Open 2025"]
[Site "Craiova"]
[Date "2025.02.19"]
[Round "5.1"]
[White "Ilinca, Felix-Antonio"]
[Black "Gavrilescu, David"]
[Result "0-1"]
[Annotator "TA"]
[ECO "B90"]
[WhiteElo "2412"]
[BlackElo "2543"]
[PlyCount "56"]
[EventDate "2025.02.12"]
[EventType "swiss"]
[EventCountry "ROU"]
[SourceTitle "playchess.com"]
[Source "ChessBase"]
[SourceQuality "1"]
[TimeControl "40/5400+30:900+30"]

1. e4 c5 2. Nf3 d6 3. d4 cxd4 4. Nxd4 Nf6 5. Nc3 a6 6. Rg1 g6 {[%emt 0:00:59] 6...h5 is setting a new trend.} 7. g4 {[%emt 0:00:47][%cal Bg2g4,Bg4g5][%mdl 32] B90: Sicilian Najdorf: Unusual White 6th moves, 6 Be3 Ng4 and 6 Be3 e5.} Nc6 8. g5 Nd7 9. h4 {[%emt 0:01:04] White has an edge.} Bg7 10. Be3 h5 11. Be2 O-O {[%emt 0:03:56] [#]} 12. Bxh5 $146 ({Predecessor:} 12. Qd2 Nde5 13. O-O-O Ng4 14. Nxc6 bxc6 15. Bd4 Bxd4 16. Qxd4 c5 17. Qd2 Nxf2 18. Rdf1 {½-½ Fedoseev,V (2704)-Matlakov,M (2674) Chess.com Rapid Wk6 Swiss 2022 (8)}) 12... Nxd4 $15 (12... gxh5 13. Qxh5 Nxd4 14. Bxd4 $16) 13. Bxd4 Bxd4 ({Weaker is} 13... gxh5 14. Qxh5 (14. Bxg7 Kxg7 15. Nd5 e6 $17) 14... e5 (14... Bxd4 15. g6 Bxf2+ 16. Ke2 Kg7 17. gxf7+ Bxg1 18. Rxg1+ Kf6 19. Qf5#) 15. Be3 $18) 14. Qxd4 gxh5 15. Qd1 Kg7 $1 16. Qd4+ {[%emt 0:09:02] [#]} (16. Qxh5 $15 Rh8 17. Qe2 Rxh4 18. f4) 16... Kh7 (16... e5 $142 $1 17. Qd2 Nb6) 17. Nd5 $2 {[%emt 0:06:04] [#] This move loses the game for White.} (17. Qd1 $17 Kg7 18. Qd4+ Kg8 19. Qd1) 17... Ne5 $1 $19 18. O-O-O Bg4 19. f4 Nf3 20. Qd3 Nxg1 21. Rxg1 Rc8 22. e5+ $2 (22. Kb1) 22... Kh8 {[%emt 0:02:14] Hoping for ...dxe5. Black is clearly winning.} 23. Re1 (23. Qd4 $142 Kg8 24. Rxg4 hxg4 25. e6) 23... Qa5 24. b4 {[%emt 0:01:23] [#]} Bf5 $1 25. bxa5 Bxd3 26. Kd2 Bh7 27. Nxe7 Rxc2+ 28. Ke3 dxe5 {[%emt 0:00:29] Weighted Error Value: White=0.86/Black=0.20 (precise)   Loses game:     	White=1     	---        Mistake:       	White=4     	Black=1      Inaccurate:     	White=1     	---        OK:         	White=4     	Black=9      Best:        	White=1     	---        Strong:       	---       	Black=2} 0-1

[Event "Romanian Championship Open 2025"]
[Site "Craiova"]
[Date "2025.02.19"]
[Round "5.2"]
[White "Craciun, Sasha-Matei"]
[Black "Magold, Filip"]
[Result "0-1"]
[Annotator "RC"]
[ECO "B12"]
[WhiteElo "2257"]
[BlackElo "2431"]
[PlyCount "80"]
[EventDate "2025.02.12"]
[EventType "swiss"]
[EventCountry "ROU"]
[SourceTitle "playchess.com"]
[Source "ChessBase"]
[SourceQuality "1"]
[TimeControl "40/5400+30:900+30"]

1. e4 c6 2. d4 d5 3. e5 Bf5 4. h4 h5 5. Bd3 Bxd3 6. Qxd3 e6 7. Nf3 Qa5+ 8. Nbd2 Qa6 9. c4 Bb4 10. O-O Ne7 11. b3 c5 12. Bb2 cxd4 13. Qxd4 Nbc6 14. Qf4 Rd8 15. cxd5 Nxd5 16. Qg5 Rh6 17. Nc4 Rg6 18. Qc1 b5 19. Nd6+ Bxd6 20. exd6 f6 21. Re1 Rxd6 22. a4 b4 23. Qc5 Nce7 24. Re4 Kf7 25. Bd4 Rc6 26. Qb5 Qc8 27. Rae1 a6 28. Qd3 Rg4 29. Be5 Nf5 30. Bh2 Rc3 31. Qe2 Rxe4 32. Qxe4 Rxb3 33. Nd2 Rc3 34. Qe2 Rc1 35. Qxh5+ g6 36. Qe2 Nd4 37. Qf1 Rxe1 38. Qxe1 Qc3 39. Qd1 b3 40. Ne4 b2 0-1

[Event "Romanian Championship Open 2025"]
[Site "Craiova"]
[Date "2025.02.19"]
[Round "5.3"]
[White "Lupulescu, Constantin"]
[Black "David, Alexandru-Vasile"]
[Result "1-0"]
[Annotator "TA"]
[ECO "A13"]
[WhiteElo "2603"]
[BlackElo "2331"]
[PlyCount "113"]
[EventDate "2025.02.12"]
[EventType "swiss"]
[EventCountry "ROU"]
[SourceTitle "playchess.com"]
[Source "ChessBase"]
[SourceQuality "1"]
[TimeControl "40/5400+30:900+30"]

1. Nf3 d5 2. e3 Nf6 3. c4 e6 4. b3 Bd6 5. Bb2 O-O 6. Nc3 Nc6 7. Be2 dxc4 8. bxc4 {[%emt 0:00:26] The position is equal.} e5 9. d3 a6 10. O-O Bf5 11. Ng5 Rb8 12. Nge4 b5 13. cxb5 axb5 14. Bf3 {[%emt 0:00:45] and Nxf6+ would now be decisive} Na5 15. Qd2 b4 16. Nxf6+ Qxf6 17. Ne4 Bxe4 18. Bxe4 Qe6 19. g3 c5 20. Qc2 Rb5 21. Qa4 Rfb8 22. Rab1 Bf8 23. Ba1 f6 (23... g6 $11) 24. Rfd1 Kh8 25. Qc2 Nc6 26. Qb3 (26. a3 {keeps more tension.} bxa3 27. Rxb5 Rxb5 28. Qa4) 26... Qxb3 27. axb3 Na5 28. Bd5 Rd8 29. e4 {[%emt 0:00:22][%csl Od5] Strong Square White (d5)} Rb6 30. Rd2 Nc6 31. Ra2 {[%emt 0:00:23] Wards off Ra6} Nd4 32. Bb2 (32. Bxd4 cxd4 33. Kg2 h5 $11) 32... Rbb8 33. Kg2 Nb5 34. Ra5 {[%emt 0:00:26] Black is weak on the light squares} Nc7 35. Bc4 {[%emt 0:00:04] White is more active.} Ra8 36. Ra4 Bd6 37. Rba1 g6 {[%emt 0:00:09] [#]} 38. f4 $1 Kg7 39. Kf3 Kf8 40. h4 Ke7 {[%emt 0:00:00] [#]} 41. h5 $1 Rh8 (41... Rxa4 42. bxa4) 42. Rh1 Raf8 43. Raa1 ({Better is} 43. Kg4 $18) 43... g5 (43... Kd7 $16 {was necessary.} 44. Kg4 Kc6) 44. fxg5 fxg5+ 45. Kg4 Rf2 46. Bc1 {[%emt 0:01:50] A strong pair of Bishops.} h6 47. Be3 Re2 (47... Rf6 $142 48. Rhc1 Rff8) 48. Kf3 $18 Rc2 49. Rhf1 Rf8+ 50. Kg4 Rxf1 51. Rxf1 {[%emt 0:00:03] White is clearly winning.} Ne6 52. Kf5 Nf8 53. Rf2 Rxf2+ 54. Bxf2 Nd7 55. Kg6 Nf6 56. Kxh6 Ng4+ 57. Kg6 {[%emt 0:00:13] Weighted Error Value: White=0.06 (flawless) /Black=0.40  Mistake:       	White=1     	Black=3      Inaccurate:     	White=1     	Black=6      OK:         	White=17    	Black=10     Best:        	White=6     	---} 1-0

[Event "Romanian Championship Open 2025"]
[Site "Craiova"]
[Date "2025.02.19"]
[Round "5.4"]
[White "Nisipeanu, Liviu-Dieter"]
[Black "Serban, Cristian-Stefan"]
[Result "0-1"]
[Annotator "TA"]
[ECO "C54"]
[WhiteElo "2596"]
[BlackElo "2295"]
[PlyCount "72"]
[EventDate "2025.02.12"]
[EventType "swiss"]
[EventCountry "ROU"]
[SourceTitle "playchess.com"]
[Source "ChessBase"]
[SourceQuality "1"]
[TimeControl "40/5400+30:900+30"]

1. e4 e5 2. Nf3 Nc6 3. Bc4 Bc5 4. d3 Nf6 5. O-O d6 6. c3 a5 {[%emt 0:00:11] C54: Giuoco Piano: 4 c3 Nf6, main lines with 5 d4 and 5 d3.} 7. Re1 O-O 8. h3 Be6 {[%emt 0:00:34] The position is equal.} 9. Bb5 Ba7 10. Nbd2 Ne7 11. Nf1 c6 12. Ba4 Ng6 13. Ng3 d5 14. exd5 Nxd5 15. Bc2 Ndf4 $146 (15... Qb6 $11) ({Predecessor:} 15... Qc7 16. d4 exd4 17. Nxd4 Rae8 18. Re4 Nf6 19. Re1 Bd5 20. Rxe8 Rxe8 21. Bg5 Qe5 {0-1 Puranik,A (2631)-Tabatabaei,M (2707) Sharjah Masters 7th 2024 (5)}) 16. Bxf4 (16. Nxe5 {looks sharper.} Nxg2 17. Kxg2 Qd5+ 18. Re4) 16... exf4 17. Ne4 Qb6 ({Black should play} 17... Re8 $14) 18. d4 $16 Qxb2 $2 (18... Bd5 $16 {was called for.}) 19. Nfg5 $1 $18 {[%emt 0:01:08] A dynamic duo of knights.} f3 20. Nxe6 (20. Nxf3 Bd5 $14) 20... fxe6 21. Rb1 $1 (21. gxf3 Qb5 $11) 21... Qxa2 22. Ng5 Kh8 (22... fxg2 $2 23. Qh5 (23. Rxe6 Qc4 $18) 23... h6 24. Qxg6 $18 (24. Bxg6 $2 Qxf2+ 25. Kh2 g1=R#)) (22... Qd5 $142 23. Nxe6 Rf7) 23. Rxb7 (23. gxf3 Qd5 24. Nxe6 Rf6 $17) (23. Nxf3 $6 Nf4 24. Rxb7 Qc4 $18) 23... Rf6 24. Nf7+ (24. gxf3 Qc4 $16) 24... Kg8 25. Ng5 $2 (25. Bb3 $18 Qa3 26. Qa1 (26. Bxe6 Qxc3 27. Ng5+ Kh8 $16) (26. Ng5 Kh8 $18) 26... Qxa1 27. Rxa1) 25... fxg2 $2 {[%emt 0:05:18][%mdl 8192] [#]} (25... Kh8 $11) 26. Rxe6 $1 Rxf2 27. Kxf2 Rf8+ 28. Kxg2 $2 (28. Nf3) 28... Qd5+ 29. Be4 (29. Nf3 $1 $16 {And now Rxg6 would win.} Rxf3 30. Re8+ Rf8+ 31. Re4 Qg5+ 32. Qg4 Qd2+ 33. Re2 Qxe2+ 34. Qxe2 Nf4+ 35. Kf3 Nxe2+ 36. Kxe2) 29... Qxg5+ $11 30. Kh1 $1 Bb8 (30... Qg3 $11 31. Bg2 (31. Rxa7 $2 Qxh3+ 32. Kg1 Qxe6 $19) 31... Bb8) 31. Bxg6 (31. Bxc6 $2 Qg3 32. Re2 Qxh3+ 33. Kg1 Qg3+ (33... Qxc3 34. Qb3+ Qxb3 35. Rxb3 $14) 34. Rg2 Qe3+ 35. Kh1 Kh8 36. Rxb8 Rxb8 $19) (31. Qg1 $1 $14 Bg3 32. Rxc6) 31... hxg6 32. Qe1 $1 (32. Rxc6 {is a self mate.} Qd5+ 33. Kg1 Bh2+ (33... Qxc6 $2 34. Qb3+ Kh7 35. Rxb8 $19) 34. Kxh2 Rf2+ (34... Qxc6 $2 35. Rb2 $19) 35. Kg3 Qg2+ (35... Qxc6 $2 {loses.} 36. Qb3+ Kh7 37. Kxf2 $18) 36. Kh4 Rf4+ (36... Qxc6 $2 37. Rb8+ Kh7 38. Qg4 $19)) 32... Qh5 $40 {[%emt 0:07:07][%mdl 1152] Black has compensation. White needs to defend precisely. Chess con chili.} 33. Re3 (33. Kg1 $1 $11 {and White is okay.}) 33... Bf4 $19 34. Rd3 (34. Rbe7 Bxe3 35. Rxe3) 34... Qd5+ 35. Kg1 {[%emt 0:00:05] [#]} Qa2 $1 36. Qf2 {[%emt 0:02:08] [#]} Bh2+ $1 {[%emt 0:00:20][%mdl 512] Quite a comeback for Black.   Weighted Error Value: White=0.65/Black=0.34  Loses game:     	White=1     	Black=2      Missed win:     	White=1     	---        Mistake:       	White=2     	Black=4      OK:         	White=6     	Black=7      Best:        	White=2     	Black=3      Strong:       	White=4     	---} 0-1

[Event "Romanian Championship Open 2025"]
[Site "Craiova"]
[Date "2025.02.19"]
[Round "5.5"]
[White "Cnejev, Vladimir-Alexandru"]
[Black "Jianu, Vlad-Cristian"]
[Result "1/2-1/2"]
[Annotator "TA"]
[ECO "B31"]
[WhiteElo "2300"]
[BlackElo "2467"]
[PlyCount "60"]
[EventDate "2025.02.12"]
[EventType "swiss"]
[EventCountry "ROU"]
[SourceTitle "playchess.com"]
[Source "ChessBase"]
[SourceQuality "1"]
[TimeControl "40/5400+30:900+30"]

1. e4 c5 2. Nf3 Nc6 3. Bb5 g6 4. Bxc6 dxc6 5. d3 Bg7 6. h3 e5 7. Be3 Qe7 8. Nc3 Nf6 9. Qd2 Nd7 10. Bh6 f6 11. Bxg7 {[%emt 0:02:09] B31: Sicilian: 2...Nc6 3 Bb5 g6.} Qxg7 12. Qe3 Qe7 13. Nd2 Nf8 14. Ne2 Ne6 15. f4 exf4 16. Nxf4 Nd4 17. Rc1 $146 (17. O-O-O Bd7 18. Ne2 Nb5 19. Rhf1 O-O-O 20. Rde1 b6 21. Nf4 Rde8 22. Qg3 Nd6 23. Nf3 {½-½ Kovalev,V (2595)-Pascua,H (2401) Subic Bay op 2016 (8)}) 17... O-O 18. O-O Nf5 19. Qf2 (19. exf5 $2 Qxe3+ 20. Rf2 g5 $19 (20... Bxf5 $2 21. Rcf1 $19)) 19... Ng7 20. Rce1 Be6 21. a3 Rae8 22. g4 Qd6 23. Re3 b6 24. c3 ({White should play} 24. Rf3 $14) 24... Bc8 $11 25. Rf3 Ba6 26. c4 Bc8 27. Ne2 Rd8 28. Kg2 ({But not} 28. Rxf6 Qxf6 29. Qxf6 Rxf6 30. Rxf6 Rxd3 $19) 28... Ne6 29. Qg3 Qxg3+ 30. Kxg3 Kg7 {[%emt 0:00:59] Weighted Error Value: White=0.10 (very precise) /Black=0.07 (flawless)   Mistake:       	White=1     	---        Inaccurate:     	---       	Black=1      OK:         	White=9     	Black=7} 1/2-1/2

[Event "Romanian Championship Open 2025"]
[Site "Craiova"]
[Date "2025.02.19"]
[Round "5.6"]
[White "Dobre, Claudiu-Cristian"]
[Black "Filip, Lucian-Ioan"]
[Result "0-1"]
[Annotator "RC"]
[ECO "A30"]
[WhiteElo "2279"]
[BlackElo "2328"]
[PlyCount "110"]
[EventDate "2025.02.12"]
[EventType "swiss"]
[EventCountry "ROU"]
[SourceTitle "playchess.com"]
[Source "ChessBase"]
[SourceQuality "1"]
[TimeControl "40/5400+30:900+30"]

1. c4 Nf6 2. Nc3 c5 3. Nf3 e6 4. g3 b6 5. Bg2 Bb7 6. O-O Be7 7. d4 cxd4 8. Qxd4 d6 9. Bg5 a6 10. Bxf6 Bxf6 11. Qf4 O-O 12. Rfd1 Be7 13. Ne4 Bxe4 14. Qxe4 Ra7 15. Nd4 Rc7 16. b3 Rc5 17. Rac1 Qc7 18. Rc2 Qc8 19. b4 Rc7 20. Rdc1 Qd7 21. Qe3 Rfc8 22. Bh3 Kh8 23. Nxe6 fxe6 24. Bxe6 Bg5 25. Bxd7 Bxe3 26. Bxc8 Bxc1 27. Rxc1 Rxc8 28. Rd1 Rd8 29. c5 bxc5 30. bxc5 d5 31. e4 d4 32. Kf1 Nc6 33. Rb1 a5 34. a3 Kg8 35. f4 Rb8 36. Rxb8+ Nxb8 37. Ke2 a4 38. Kd3 Nc6 39. Kc4 Kf7 40. Kd3 Ke6 41. Kc4 Kf6 42. Kd3 g5 43. h3 Kg6 44. Kc4 gxf4 45. gxf4 Kh5 46. Kd3 Kh4 47. f5 Kg5 48. Kc4 Kf6 49. Kd3 Ke5 50. h4 Nd8 51. h5 h6 52. Ke2 Kxe4 53. f6 Kd5 54. Kd3 Kxc5 55. Kd2 Kd5 0-1

[Event "Romanian Championship Open 2025"]
[Site "Craiova"]
[Date "2025.02.19"]
[Round "5.7"]
[White "Toma, Iustin"]
[Black "Sachilaru, Alexandru"]
[Result "0-1"]
[Annotator "RC"]
[ECO "C41"]
[WhiteElo "2118"]
[BlackElo "2305"]
[PlyCount "84"]
[EventDate "2025.02.12"]
[EventType "swiss"]
[EventCountry "ROU"]
[SourceTitle "playchess.com"]
[Source "ChessBase"]
[SourceQuality "1"]
[TimeControl "40/5400+30:900+30"]

1. e4 d6 2. d4 Nf6 3. Nc3 e5 4. Nf3 Nbd7 5. Bc4 Be7 6. O-O O-O 7. Re1 a6 8. a4 b6 9. h3 Bb7 10. d5 a5 11. Qe2 Nc5 12. Rd1 Bc8 13. Bb5 Kh8 14. Ra3 Ng8 15. Be3 f5 16. Bxc5 bxc5 17. exf5 Bxf5 18. Ne4 Bg6 19. Re3 Nh6 20. Ng3 Bg5 21. Nxg5 Qxg5 22. Bd3 Rf4 23. Bxg6 Qxg6 24. Re4 Raf8 25. Rf1 Ng8 26. Qe3 h5 27. Rxf4 Rxf4 28. b3 Nf6 29. c4 Qc2 30. Re1 h4 31. Re2 Qb1+ 32. Re1 Qc2 33. Re2 Qg6 34. Nf1 Rd4 35. Qc3 Nh5 36. Qf3 Nf4 37. Re3 Qb1 38. g3 Ng6 39. Kg2 Rd1 40. Qe2 Kg8 41. Rf3 Re1 42. Qd3 e4 0-1